TOP OF THE 1ST |
Mercer Island Screaming Eagles batting - Pitching for Chesapeake Continentals : LHP Javier Romero
|
Pitching: LHP Javier Romero
|
|
Batting: RHB Wade Killefer
|
0-0: Ball 1-0: Ground out 6-3 (Groundball, 6)
|
Batting: RHB Shizuo Heiwajaima
|
0-0: Foul Ball, location: 2F 0-1: Ball 1-1: Ball 2-1: Foul Ball, location: 2F 2-2: Ground out 6-3 (Groundball, 6)
|
Batting: RHB Martinus Xhaka
|
0-0: Ball 1-0: Called Strike 1-1: Called Strike 1-2: Ground out 5-3 (Groundball, 56)
|
Top of the 1st over - 0 runs, 0 hits, 0 errors, 0 left on base; Mercer Island 0 - Chesapeake 0 |
BOTTOM OF THE 1ST |
Chesapeake Continentals batting - Pitching for Mercer Island Screaming Eagles : RHP Malulani Anakone
|
Pitching: RHP Malulani Anakone
|
|
Batting: SHB Holden Nolan
|
0-0: Ball 1-0: Ball 2-0: Called Strike 2-1: Ground out 5-3 (Groundball, 56S)
|
Batting: LHB Ángel Pineda
|
0-0: Called Strike 0-1: Ball 1-1: Swinging Strike 1-2: Foul Ball, location: 2F 1-2: Fly out, F7 (Flyball, 7S)
|
Batting: LHB Dana Waldrip
|
0-0: Ball 1-0: Called Strike 1-1: Swinging Strike 1-2: SINGLE (Groundball, 2L) (infield hit)
|
Batting: SHB Dave Atkins
|
0-0: Ball 1-0: Called Strike 1-1: Called Strike 1-2: Ball Throwing error on steal attempt, E2 Dana Waldrip to third 2-2: Strikes out swinging
|
Bottom of the 1st over - 0 runs, 1 hit, 1 error, 1 left on base; Mercer Island 0 - Chesapeake 0 |
TOP OF THE 2ND |
Mercer Island Screaming Eagles batting - Pitching for Chesapeake Continentals : LHP Javier Romero
|
Batting: RHB Jeffery Campbell
|
0-0: Called Strike 0-1: SINGLE (Flyball, 9LM)
|
Batting: SHB Ray Davis
|
0-0: Called Strike 0-1: Foul Ball, location: 2F 0-2: Foul Ball, location: 2F 0-2: Foul Ball, location: 2F 0-2: Ball 1-2: Fly out, F3 (Popup, 34S)
|
Batting: RHB Robert Paulsen
|
0-0: Called Strike 0-1: Swinging Strike 0-2: Ball 1-2: Ball 2-2: Ball 3-2: Foul Ball, location: 2F 3-2: Base on Balls Jeffery Campbell to second
|
Batting: RHB Stanley van de Ven
|
0-0: Ball 1-0: Ball 2-0: SINGLE (Line Drive, 56D) Jeffery Campbell to third Robert Paulsen to second Runner from 3rd tries for Home, SAFE, no throw
|
Batting: LHB Jorge Pérez
|
0-0: Ball 1-0: Foul Ball, location: 2F 1-1: Ball 2-1: Ball 3-1: SINGLE (Groundball, 34S) (infield hit) Robert Paulsen to third Stanley van de Ven to second
|
Batting: LHB Jacob Herman
|
0-0: Swinging Strike 0-1: Swinging Strike 0-2: Strikes out swinging
|
Batting: RHB Wade Killefer
|
0-0: Swinging Strike 0-1: DOUBLE (Line Drive, 9LM) Robert Paulsen scores Stanley van de Ven scores Jorge Pérez to third Runner from 3rd tries for Home, SAFE, throw made at trailing runner, OUT at third!
|
Top of the 2nd over - 4 runs, 4 hits, 0 errors, 0 left on base; Mercer Island 4 - Chesapeake 0 |
BOTTOM OF THE 2ND |
Chesapeake Continentals batting - Pitching for Mercer Island Screaming Eagles : RHP Malulani Anakone
|
Batting: RHB Arturo Scantlebury
|
0-0: Called Strike 0-1: Called Strike 0-2: Strikes out looking
|
Batting: RHB Rand McNally
|
0-0: Called Strike 0-1: Swinging Strike 0-2: Foul Ball, location: 2F 0-2: Foul Ball, location: 2F 0-2: Ball 1-2: Foul Ball, location: 2F 1-2: Ball 2-2: Ball 3-2: Strikes out swinging
|
Batting: RHB Edgar Baeza
|
0-0: Ball 1-0: Ball 2-0: Ball 3-0: Base on Balls
|
Batting: RHB Alfonso Morín
|
0-0: Called Strike 0-1: Fly out, F6 (Popup, 15)
|
Bottom of the 2nd over - 0 runs, 0 hits, 0 errors, 1 left on base; Mercer Island 4 - Chesapeake 0 |
TOP OF THE 3RD |
Mercer Island Screaming Eagles batting - Pitching for Chesapeake Continentals : LHP Javier Romero
|
Batting: RHB Shizuo Heiwajaima
|
0-0: Ball 1-0: Foul Ball, location: 2F 1-1: Foul Ball, location: 2F 1-2: Ball 2-2: Ball 3-2: Foul Ball, location: 2F 3-2: Foul Ball, location: 2F 3-2: Fly out, F8 (Flyball, 8LD)
|
Batting: RHB Martinus Xhaka
|
0-0: Ball 1-0: Called Strike 1-1: SINGLE (Groundball, 56D)
|
Batting: RHB Jeffery Campbell
|
0-0: DOUBLE (Flyball, 8LXD) Martinus Xhaka to third
|
Batting: SHB Ray Davis
|
0-0: Called Strike 0-1: Ball 1-1: Fly out, F4 (Line Drive, 4M)
|
Batting: RHB Robert Paulsen
|
0-0: Foul Ball, location: 2F 0-1: Fly out, F5 (Line Drive, 5L)
|
Top of the 3rd over - 0 runs, 2 hits, 0 errors, 2 left on base; Mercer Island 4 - Chesapeake 0 |
BOTTOM OF THE 3RD |
Chesapeake Continentals batting - Pitching for Mercer Island Screaming Eagles : RHP Malulani Anakone
|
Batting: LHB Colt Gridley
|
0-0: SINGLE (Line Drive, 9S)
|
Batting: SHB Holden Nolan
|
0-0: Fly out, F8 (Flyball, 8LS)
|
Batting: LHB Ángel Pineda
|
0-0: Ball 1-0: Called Strike 1-1: Ball 2-1: Ball 3-1: DOUBLE (Line Drive, 9LM) Colt Gridley to third
|
Batting: LHB Dana Waldrip
|
0-0: Ball 1-0: Foul Ball, location: 2F 1-1: Foul Ball, location: 2F 1-2: Ball 2-2: Fly out, F7 (Flyball, 78M) Runner from 3rd tags up, SCORES, no throw
|
Batting: SHB Dave Atkins
|
0-0: Ball 1-0: Ball 2-0: Ball 3-0: Called Strike 3-1: Swinging Strike 3-2: Base on Balls
|
Batting: RHB Arturo Scantlebury
|
0-0: Ball 1-0: SINGLE (Flyball, 9S) Ángel Pineda to third Dave Atkins to second Runner from 3rd tries for Home, SAFE, no throw
|
Batting: RHB Rand McNally
|
0-0: Fly out, F8 (Line Drive, 8RM)
|
Bottom of the 3rd over - 2 runs, 3 hits, 0 errors, 2 left on base; Mercer Island 4 - Chesapeake 2 |
TOP OF THE 4TH |
Mercer Island Screaming Eagles batting - Pitching for Chesapeake Continentals : LHP Javier Romero
|
Batting: RHB Stanley van de Ven
|
0-0: Foul Ball, location: 2F 0-1: Called Strike 0-2: Ball 1-2: Strikes out swinging
|
Batting: LHB Jorge Pérez
|
0-0: Called Strike 0-1: Foul Ball, location: 2F 0-2: Ball 1-2: Ball 2-2: Foul Ball, location: 2F 2-2: Ground out 4-3 (Groundball, 4)
|
Batting: LHB Jacob Herman
|
0-0: Ball 1-0: Foul Ball, location: 2F 1-1: Fly out, F9 (Flyball, 9D)
|
Top of the 4th over - 0 runs, 0 hits, 0 errors, 0 left on base; Mercer Island 4 - Chesapeake 2 |
BOTTOM OF THE 4TH |
Chesapeake Continentals batting - Pitching for Mercer Island Screaming Eagles : RHP Malulani Anakone
|
Batting: RHB Edgar Baeza
|
0-0: Ground out 6-3 (Groundball, 6)
|
Batting: RHB Alfonso Morín
|
0-0: Ball 1-0: SINGLE (Groundball, 6MD)
|
Batting: LHB Colt Gridley
|
0-0: Swinging Strike 0-1: DOUBLE (Groundball, 3L) Alfonso Morín to third Runner from 3rd tries for Home, SAFE, no throw
|
Batting: SHB Holden Nolan
|
0-0: Ball 1-0: Swinging Strike 1-1: Ball 2-1: SINGLE (Groundball, 4MD) Colt Gridley to third Runner from 3rd tries for Home, SAFE, no throw
|
Batting: LHB Ángel Pineda
|
0-0: Ball 1-0: Foul Ball, location: 2F 1-1: Foul Ball, location: 2F 1-2: Foul Ball, location: 2F 1-2: Ball 2-2: Foul Ball, location: 2F 2-2: Ball 3-2: Fly out, F8 (Flyball, 8RM)
|
Batting: LHB Dana Waldrip
|
0-0: Ball Throwing error on steal attempt, E2 Holden Nolan to third 1-0: Ball 2-0: Ball 3-0: Base on Balls
|
Batting: SHB Dave Atkins
|
0-0: Ball 1-0: Ball 2-0: Ball 3-0: Called Strike 3-1: Fielders Choice at 2nd, U6 (Groundball, 4MD)
|
Bottom of the 4th over - 2 runs, 3 hits, 1 error, 2 left on base; Mercer Island 4 - Chesapeake 4 |
TOP OF THE 5TH |
Mercer Island Screaming Eagles batting - Pitching for Chesapeake Continentals : LHP Javier Romero
|
Batting: RHB Wade Killefer
|
0-0: Ball 1-0: Ball 2-0: Called Strike 2-1: Ball 3-1: Ground out 4-3 (Groundball, 4M)
|
Batting: RHB Shizuo Heiwajaima
|
0-0: Called Strike 0-1: Ball 1-1: Called Strike 1-2: Fly out, F9 (Flyball, 89D)
|
Batting: RHB Martinus Xhaka
|
0-0: Ball 1-0: SINGLE (Flyball, 9LM)
|
Batting: RHB Jeffery Campbell
|
0-0: Ball 1-0: Ball 2-0: Fly out, F8 (Line Drive, 8RXD)
|
Top of the 5th over - 0 runs, 1 hit, 0 errors, 1 left on base; Mercer Island 4 - Chesapeake 4 |
BOTTOM OF THE 5TH |
Chesapeake Continentals batting - Pitching for Mercer Island Screaming Eagles : RHP Malulani Anakone
|
Batting: RHB Arturo Scantlebury
|
0-0: Called Strike 0-1: Ball 1-1: Swinging Strike 1-2: Ball 2-2: Strikes out swinging
|
Batting: RHB Rand McNally
|
0-0: Called Strike 0-1: Ball 1-1: Ball 2-1: Hit by Pitch
|
Batting: RHB Edgar Baeza
|
0-0: Grounds into double play, 6-4-3 (Groundball, 6)
|
Bottom of the 5th over - 0 runs, 0 hits, 0 errors, 0 left on base; Mercer Island 4 - Chesapeake 4 |
TOP OF THE 6TH |
Mercer Island Screaming Eagles batting - Pitching for Chesapeake Continentals : LHP Javier Romero
|
Batting: SHB Ray Davis
|
0-0: Ball 1-0: Swinging Strike 1-1: Called Strike 1-2: Strikes out swinging
|
Batting: RHB Robert Paulsen
|
0-0: Foul Ball, location: 2F 0-1: Foul Ball, location: 2F 0-2: Foul Ball, location: 2F 0-2: Foul Ball, location: 2F 0-2: Ball 1-2: Ball 2-2: Foul Ball, location: 2F 2-2: Ground out 5-3 (Groundball, 56S)
|
Batting: RHB Stanley van de Ven
|
0-0: Ball 1-0: Ball 2-0: Called Strike 2-1: Foul Ball, location: 2F 2-2: Strikes out looking
|
Top of the 6th over - 0 runs, 0 hits, 0 errors, 0 left on base; Mercer Island 4 - Chesapeake 4 |
BOTTOM OF THE 6TH |
Chesapeake Continentals batting - Pitching for Mercer Island Screaming Eagles : RHP Malulani Anakone
|
Batting: RHB Alfonso Morín
|
0-0: Foul Ball, location: 2F 0-1: Foul Ball, location: 2F 0-2: SINGLE (Line Drive, 34)
|
Batting: LHB Colt Gridley
|
0-0: Sac Bunt - play at first, batter OUT! 1-4 Alfonso Morín to second
|
Batting: SHB Holden Nolan
|
0-0: Foul Ball, location: 2F 0-1: Ball 1-1: Ball 2-1: Fly out, F7 (Flyball, 7LM)
|
Batting: LHB Ángel Pineda
|
0-0: Ball 1-0: Ground out 6-3 (Groundball, 6D)
|
Bottom of the 6th over - 0 runs, 1 hit, 0 errors, 1 left on base; Mercer Island 4 - Chesapeake 4 |
TOP OF THE 7TH |
Mercer Island Screaming Eagles batting - Pitching for Chesapeake Continentals : LHP Javier Romero
|
Pitching: RHP Juan Costello
|
|
Batting: LHB Jorge Pérez
|
0-0: Fly out, F9 (Flyball, 89S)
|
Batting: LHB Jacob Herman
|
0-0: Ball 1-0: Foul Ball, location: 2F 1-1: Swinging Strike 1-2: Ball 2-2: Hit by Pitch
|
Pinch Runner at 1st Markus Richardson:
|
|
Batting: RHB Wade Killefer
|
0-0: DOUBLE (Flyball, 78XD) Markus Richardson to third
|
Pinch Hitting: LHB Theo Fightmaster
|
0-0: Intentional Walk
|
Batting: RHB Martinus Xhaka
|
0-0: Ball 1-0: Ball 2-0: Called Strike 2-1: Foul Ball, location: 2F 2-2: Strikes out looking
|
Batting: RHB Jeffery Campbell
|
0-0: Ball 1-0: Ball 2-0: Fielders Choice at 2nd, 6-4 (Groundball, 6)
|
Top of the 7th over - 0 runs, 1 hit, 0 errors, 3 left on base; Mercer Island 4 - Chesapeake 4 |
BOTTOM OF THE 7TH |
Chesapeake Continentals batting - Pitching for Mercer Island Screaming Eagles : RHP Malulani Anakone
|
Now at SS: Silas Floyd
|
|
Now in LF: Markus Richardson
|
|
Batting: LHB Dana Waldrip
|
0-0: Called Strike 0-1: Ball 1-1: Ball 2-1: Swinging Strike 2-2: Fly out, F7 (Flyball, 78D)
|
Batting: SHB Dave Atkins
|
0-0: Called Strike 0-1: Ball 1-1: Called Strike 1-2: Strikes out swinging
|
Batting: RHB Arturo Scantlebury
|
0-0: Fly out, F9 (Flyball, 89S)
|
Bottom of the 7th over - 0 runs, 0 hits, 0 errors, 0 left on base; Mercer Island 4 - Chesapeake 4 |
TOP OF THE 8TH |
Mercer Island Screaming Eagles batting - Pitching for Chesapeake Continentals : RHP Juan Costello
|
Batting: SHB Ray Davis
|
0-0: Called Strike 0-1: Foul Ball, location: 2F 0-2: Foul Ball, location: 2F 0-2: Ball 1-2: Strikes out looking
|
Batting: RHB Robert Paulsen
|
0-0: Fly out, F3 (Popup, 3SF)
|
Batting: RHB Stanley van de Ven
|
0-0: Ball 1-0: Foul Ball, location: 2F 1-1: Swinging Strike 1-2: Ball 2-2: Ball 3-2: Strikes out looking
|
Top of the 8th over - 0 runs, 0 hits, 0 errors, 0 left on base; Mercer Island 4 - Chesapeake 4 |
BOTTOM OF THE 8TH |
Chesapeake Continentals batting - Pitching for Mercer Island Screaming Eagles : RHP Malulani Anakone
|
Pitching: RHP Nésto Gago
|
|
Batting: RHB Rand McNally
|
0-0: Ball 1-0: Foul Ball, location: 2F 1-1: Foul Ball, location: 2F 1-2: Strikes out swinging
|
Batting: RHB Edgar Baeza
|
0-0: Ball 1-0: Foul Ball, location: 2F 1-1: Foul Ball, location: 2F 1-2: Strikes out swinging
|
Batting: RHB Alfonso Morín
|
0-0: Ball 1-0: SINGLE (Line Drive, 6MD)
|
Batting: LHB Colt Gridley
|
0-0: Ball 1-0: Called Strike 1-1: Called Strike 1-2: Ball 2-2: SINGLE (Groundball, 4MD) Alfonso Morín to second Runner from 2nd tries for 3rd, SAFE, throw made to third
|
Batting: SHB Holden Nolan
|
Pickoff Throw to First - Error! E1 Alfonso Morín scores Colt Gridley to second 0-0: Called Strike 0-1: Ball 1-1: Foul Ball, location: 2F 1-2: Foul Ball, location: 2F 1-2: Ball 2-2: Ball 3-2: Base on Balls
|
Batting: LHB Ángel Pineda
|
0-0: Called Strike 0-1: Swinging Strike 0-2: Ball 1-2: Ball 2-2: Foul Ball, location: 2F 2-2: Foul Ball, location: 2F 2-2: Foul Ball, location: 2F 2-2: Foul Ball, location: 2F 2-2: Foul Ball, location: 2F 2-2: Foul Ball, location: 2F 2-2: Ball 3-2: Base on Balls Colt Gridley to third Holden Nolan to second
|
Batting: LHB Dana Waldrip
|
0-0: Ball 1-0: Foul Ball, location: 2F 1-1: Fly out, F2 (Popup, 13S)
|
Bottom of the 8th over - 1 run, 2 hits, 1 error, 3 left on base; Mercer Island 4 - Chesapeake 5 |
TOP OF THE 9TH |
Mercer Island Screaming Eagles batting - Pitching for Chesapeake Continentals : RHP Juan Costello
|
Pitching: RHP Joseph Chartier
|
|
Now at 1B: Jorge Alfiche
|
|
Now at SS: Marcos Alfaro
|
|
Now in RF: Wayne Akers
|
|
Batting: LHB Jorge Pérez
|
0-0: SINGLE (Flyball, 9S)
|
Batting: LHB Markus Richardson
|
0-0: Bunted foul 0-1: Bunted foul 0-2: Foul Ball, location: 2F 0-2: Foul Ball, location: 2F 0-2: Fielders Choice at 2nd, 1-6 (Groundball, P)
|
Batting: RHB Wade Killefer
|
0-0: Called Strike 0-1: Foul Ball, location: 2F 0-2: Ball 1-2: Foul Ball, location: 2F 1-2: Foul Ball, location: 2F 1-2: Fly out, F7 (Flyball, 7)
|
Batting: SHB Silas Floyd
|
0-0: Called Strike 0-1: Swinging Strike 0-2: Ball 1-2: Strikes out swinging
|
Top of the 9th over - 0 runs, 1 hit, 0 errors, 1 left on base; Mercer Island 4 - Chesapeake 5 |
|